Map: Dusk Towers

Players

Rodzyn - Winner!

  • Race: Protoss Protoss
  • League: Master

Miszu

  • Race: Terran Terran
  • League: Master

VOD

Have the link to the VOD?

Description

Time

  • Played on: Feb. 6, 2016, 3:38 p.m.
  • Length: 16:39
Show
View Real Time Build Order
Export as new Build Order

Rodzyn Protoss - Winner!

Build Orders: 1 Gate Expand, Blink Stalkers 

Get SALT Encoding   

  12  0:00  Probe (Chrono Boost)  
  13  0:11  Probe (Chrono Boost)  
  14  0:18  Pylon  
  14  0:23  Probe (Chrono Boost)  
  15  0:37  Gateway, Probe (Chrono Boost)  
  16  0:47  Probe (Chrono Boost)  
  16  0:49  Assimilator  
  17  0:58  Probe (Chrono Boost)  
  18  1:08  Probe (Chrono Boost)  
  19  1:23  Nexus  
  19  1:34  Cybernetics Core  
  19  1:37  Probe (Chrono Boost)  
  20  1:43  Assimilator  
  20  1:48  Probe (Chrono Boost)  
  21  1:54  Pylon  
  21  1:59  Probe (Chrono Boost)  
  22  2:09  Probe (Chrono Boost)  
  22  2:12  Stalker (Chrono Boost)  
  22  2:15  Warp Gate  
  25  2:21  Mothership Core  
  27  2:34  Probe  
  28  2:43  Twilight Council, Probe  
  29  2:46  Probe  
  29  2:47  Pylon  
  30  2:56  Stalker (Chrono Boost)  
  32  2:58  Probe  
  32  2:59  Probe  
  34  3:11  Probe  
  35  3:13  Probe  
  35  3:19  Blink (Chrono Boost)  
  36  3:22  Stalker  
  38  3:28  Probe  
  38  3:32  Probe  
  40  3:36  Gateway  
  40  3:42  Robotics Facility  
  40  3:44  Probe  
  40  3:46  Probe  
  42  3:52  Pylon  
  42  3:56  Probe  
  42  3:58  Stalker  
  45  4:06  Gateway  
  45  4:09  Probe  
  46  4:12  Pylon  
  46  4:14  Probe  
  47  4:22  Probe  
  48  4:24  Probe  
  48  4:28  Warp Prism (Chrono Boost)  
  51  4:32  Assimilator  
  51  4:34  Assimilator, Probe  
  51  4:38  Probe  
  52  4:42  Stalker x2  
  57  4:46  Probe  
  58  4:56  Pylon  
  58  4:59  Probe  
  59  5:01  Observer (Chrono Boost)  
  59  5:06  Probe  
  60  5:10  Gateway  
  60  5:11  Stalker x2  
  60  5:12  Stalker  
  65  5:18  Pylon  
  65  5:24  Probe  
  65  5:25  Probe  
  67  5:30  Pylon  
  67  5:36  Stalker x3, Probe  
  74  5:47  Nexus  
  66  6:06  Stalker x3  
  66  6:08  Probe  
  66  6:10  Pylon  
  73  6:20  Probe  
  73  6:21  Gateway  
  73  6:22  Gateway x2  
  74  6:30  Stalker x2  
  72  6:39  Probe  
  66  6:40  Probe  
  68  6:52  Stalker  
  70  6:55  Gateway  
  70  6:58  Stalker x2  
  74  7:07  Observer (Chrono Boost)  
  73  7:16  Probe  
  73  7:17  Probe  
  75  7:22  Stalker x2  
  75  7:23  Stalker x4  
  75  7:26  Mothership Core, Probe  
  75  7:29  Probe  
  91  7:37  Probe  
  91  7:40  Forge  
  91  7:41  Probe  
  91  7:43  Pylon  
  97  7:45  Immortal (Chrono Boost)  
  97  7:46  Probe  
  97  7:47  Probe  
  99  7:52  Pylon  
  99  7:53  Probe  
  99  7:56  Stalker x3  
  106  7:59  Stalker  
  106  8:00  Probe x2  
  110  8:07  Probe  
  110  8:09  Assimilator  
  110  8:11  Probe x2  
  113  8:13  Assimilator  
  113  8:14  Pylon  
  113  8:19  Immortal (Chrono Boost)  
  117  8:27  Templar Archives  
  117  8:35  Probe  
  117  8:39  Protoss Ground Weapons Level 1  
  118  8:44  Stalker x2  
  118  8:45  Stalker x4  
  129  8:49  Photon Cannon  
  129  8:50  Photon Cannon  
  129  8:55  Psionic Storm  
  129  8:58  Observer (Chrono Boost)  
  130  9:06  Pylon  
  130  9:09  Nexus  
  130  9:11  Pylon  
  130  9:24  High Templar x2  
  130  9:25  High Templar x3  
  140  9:33  Photon Cannon  
  140  9:34  Photon Cannon  
  140  9:35  Photon Cannon  
  140  9:49  Stalker  
  134  10:05  Stalker x2  
  134  10:06  Stalker x3  
  140  10:07  Immortal  
  132  10:21  Archon x2  
  118  10:22  Stalker  
  102  10:30  Stalker x4  
  102  10:31  Stalker  
  100  10:46  Immortal  
  104  10:57  High Templar x2  
  104  10:58  High Templar, Stalker  
  104  10:59  Stalker x2  
  104  11:00  Probe  
  104  11:02  Protoss Ground Weapons Level 2 (Chrono Boost)  
  117  11:07  Gateway  
  117  11:08  Gateway  
  117  11:09  Gateway x2, Probe x3  
  117  11:11  Pylon  
  120  11:14  Assimilator  
  120  11:15  Assimilator  
  120  11:36  Warp Prism (Chrono Boost)  
  120  11:45  Stalker x3  
  120  11:46  Stalker x3  
  132  11:51  Robotics Facility  
  132  12:01  Stargate, Pylon  
  131  12:11  High Templar x2  
  131  12:12  Immortal (Chrono Boost), Stalker x5  
  131  12:15  Charge (Chrono Boost)  
  149  12:26  Stalker x2  
  153  12:34  Pylon  
  153  12:35  Pylon  
  153  12:37  Pylon  
  153  12:41  Probe  
  153  12:42  Probe  
  146  12:46  Photon Cannon  
  146  12:47  Observer  
  146  12:50  Probe  
  147  12:53  Fleet Beacon  
  147  12:56  Stargate  
  148  13:11  Immortal  
  152  13:25  Zealot x6  
  152  13:26  Zealot x4  
  171  13:34  Nexus  
  171  13:35  Pylon  
  169  13:47  Zealot x4  
  169  13:48  Zealot x5  
  148  14:04  High Templar  
  148  14:07  Tempest (Chrono Boost)  
  148  14:18  High Templar x6  
  148  14:19  High Templar  
  148  14:20  High Templar x2  
  155  14:33  Archon x2  
  155  14:34  Archon x2  
  159  14:43  Tempest (Chrono Boost)  
  159  14:48  Zealot  
  159  14:50  Zealot x4  
  159  14:51  Zealot x2  
  159  14:52  Zealot x2  
  176  14:58  Zealot  
  178  15:07  Tempest (Chrono Boost)  
  163  15:31  High Templar  
  163  15:32  High Templar x2, Oracle (Chrono Boost), Nexus  
  169  15:41  Assimilator x2  
  165  15:58  Observer  
  165  16:00  Zealot x2  
  165  16:01  Zealot x4  
  165  16:02  Zealot  
  180  16:10  Archon x4  
  108  16:32  Zealot x6  
  106  16:33  Zealot x4  
Show
View Real Time Build Order
Export as new Build Order

Miszu Terran 

Build Orders: Hellion Opening 

Get SALT Encoding   

  12  0:00  SCV  
  13  0:12  SCV  
  14  0:17  Supply Depot  
  14  0:24  SCV  
  15  0:39  SCV  
  15  0:41  Barracks  
  16  0:44  Refinery  
  16  0:51  SCV  
  17  1:03  SCV  
  18  1:15  SCV  
  19  1:27  Orbital Command  
  19  1:30  Marine  
  20  1:40  Command Center  
  20  1:49  Factory  
  20  1:53  SCV  
  21  2:03  Barracks Reactor  
  21  2:04  Supply Depot  
  21  2:06  SCV  
  22  2:18  SCV  
  23  2:30  SCV  
  24  2:42  SCV  
  25  2:44  Hellion x2  
  25  2:46  Factory  
  29  2:52  Orbital Command  
  29  2:55  SCV  
  30  3:02  Barracks Reactor  
  30  3:06  Hellion  
  30  3:07  Hellion, SCV  
  35  3:17  SCV  
  35  3:19  SCV  
  37  3:30  SCV  
  37  3:31  SCV  
  37  3:32  Supply Depot  
  37  3:33  Hellion x2  
  43  3:42  SCV  
  43  3:43  SCV  
  43  3:46  Factory  
  45  3:54  Hellion x2, SCV  
  45  3:55  Supply Depot, Hellion x2  
  54  4:05  SCV  
  54  4:11  Supply Depot  
  54  4:17  Hellion x2, SCV x2, Armory  
  60  4:20  Supply Depot x2  
  62  4:24  Hellion  
  62  4:31  Factory Tech Lab  
  62  4:33  Hellion, SCV  
  62  4:34  SCV  
  66  4:40  Hellion  
  66  4:41  Hellion  
  66  4:45  SCV  
  71  4:47  SCV  
  71  4:48  Hellion  
  71  4:52  Supply Depot  
  74  4:54  Hellion  
  74  4:55  Hellion  
  74  4:57  SCV  
  74  4:59  SCV  
  80  5:02  Supply Depot  
  80  5:09  SCV  
  81  5:14  Hellion  
  81  5:15  Hellion, Widow Mine  
  81  5:16  Hellion  
  81  5:17  SCV  
  81  5:20  Hellion  
  92  5:21  SCV  
  92  5:27  Drilling Claws  
  89  5:33  Supply Depot  
  89  5:37  Widow Mine  
  89  5:39  Command Center  
  89  5:41  Hellion x2  
  95  5:45  Widow Mine  
  95  5:47  Supply Depot  
  95  5:48  SCV x2  
  83  6:05  Hellion x3  
  83  6:06  Hellion  
  90  6:11  SCV x2  
  90  6:15  Hellion  
  93  6:21  Refinery x2  
  93  6:23  SCV  
  94  6:26  Hellion, Widow Mine x2  
  94  6:27  Hellion  
  98  6:40  Hellion  
  98  6:43  SCV x2  
  102  6:47  Hellion  
  102  6:49  Hellion  
  104  6:55  SCV  
  104  6:58  Hellion  
  104  6:59  Hellion  
  107  7:02  Hellion  
  107  7:04  Factory, Refinery  
  107  7:05  Factory  
  103  7:13  Hellion, SCV  
  106  7:15  Hellion  
  106  7:16  SCV  
  106  7:21  Starport  
  106  7:22  Orbital Command  
  103  7:23  Refinery  
  103  7:25  SCV  
  103  7:26  Hellion x2  
  103  7:27  Widow Mine  
  103  7:28  SCV  
  111  7:32  Refinery  
  111  7:37  SCV  
  111  7:39  Terran Vehicle Weapons Level 1  
  111  7:41  SCV  
  111  7:43  Supply Depot x2  
  111  7:44  Barracks Reactor  
  113  7:48  Widow Mine x4  
  113  7:49  SCV  
  113  7:50  Factory Tech Lab  
  122  7:52  Factory Tech Lab  
  122  7:57  SCV  
  123  8:01  SCV  
  123  8:02  SCV  
  123  8:05  Supply Depot  
  125  8:06  Siege Tank  
  125  8:08  Medivac  
  125  8:12  Siege Tank  
  133  8:21  Siege Tank  
  133  8:23  SCV x3  
  139  8:27  Supply Depot  
  139  8:31  Supply Depot, Engineering Bay  
  139  8:47  Siege Tank x2  
  145  8:53  Siege Tank  
  148  8:56  Hellion  
  148  8:57  Hellion x3  
  148  9:00  Missile Turret  
  156  9:06  Supply Depot  
  156  9:08  Supply Depot  
  156  9:19  Siege Tank  
  156  9:20  Cyclone  
  156  9:21  Hellion x3  
  156  9:22  Hellion  
  168  9:25  Cyclone  
  168  9:28  Supply Depot  
  171  9:32  Supply Depot  
  161  9:41  Terran Vehicle Weapons Level 2  
  161  9:43  Hellion  
  163  9:51  Siege Tank  
  166  9:58  Command Center  
  162  10:05  Siege Tank x2  
  162  10:06  Hellion x4  
  140  10:24  Hellion  
  140  10:27  Hellion  
  140  10:28  Hellion x2  
  126  10:34  Hellion  
  106  10:37  Siege Tank x2  
  106  10:39  Barracks Tech Lab  
  106  10:41  Ghost Academy  
  106  10:45  Siege Tank  
  106  10:48  Hellbat, Medivac  
  106  10:49  Hellion  
  117  10:53  Widow Mine  
  117  10:56  Hellion  
  119  11:06  Medivac  
  119  11:09  Siege Tank, Widow Mine x2  
  119  11:10  Hellion  
  119  11:11  Refinery, Orbital Command  
  130  11:13  Refinery  
  130  11:14  SCV x3  
  130  11:17  Siege Tank  
  136  11:22  Widow Mine  
  138  11:36  Widow Mine  
  138  11:37  Widow Mine x2  
  138  11:38  Siege Tank  
  147  11:41  Siege Tank  
  147  11:45  Refinery, Missile Turret  
  150  11:55  Viking x2  
  150  11:59  Widow Mine  
  150  12:00  Ghost  
  158  12:07  Cyclone  
  158  12:08  Hellion x2  
  165  12:10  Cyclone  
  168  12:16  Cyclone  
  168  12:18  Mag-Field Accelerator  
  168  12:20  Hellion  
  173  12:26  Command Center  
  173  12:29  Hellion, Ghost  
  177  12:30  Hellion x2  
  181  12:39  Hellion  
  181  12:44  Viking x2, Siege Tank  
  186  12:50  Siege Tank  
  193  12:56  Command Center  
  193  12:57  Ghost  
  191  13:08  Thor  
  191  13:10  Hellion  
  197  13:21  Siege Tank  
  200  13:30  Terran Vehicle Weapons Level 3  
  200  13:32  Armory  
  179  14:10  Siege Tank x3  
  179  14:11  Hellion  
  179  14:15  Viking x2  
  190  14:27  Starport  
  190  14:28  Starport  
  185  14:38  Hellion x8  
  185  14:39  Hellion x2  
  185  14:40  Orbital Command  
  185  14:42  Hellbat, Cyclone  
  125  14:45  Viking x2  
  194  14:55  Hellbat  
  194  14:56  Hellion  
  198  15:06  Infernal Pre-Igniter  
  187  15:16  Siege Tank, Thor  
  193  15:25  Planetary Fortress  
  193  15:26  Refinery  
  193  15:35  Refinery  
  193  15:36  Ghost  
  193  15:54  Viking, Hellbat x2  
  195  16:05  Ghost  
Tags
 
Add a new tag
Caveats
  • Supply blocks, unpowered buildings, or Contaminate may cause inaccurate times.
  • Supply counts are checked every 10 seconds.